 Dungeon Crawl Stone Soup version 0.29.1-2-gbd0b4ee654 (webtiles) character file.

Game seed: 5340433403033068729

2272 avis the Cleaver (level 9, -1/83 HPs)
             Began as a Hill Orc Monk on Oct 27, 2022.
             Was a Believer of Beogh.
             Slain by a two-headed ogre
             ... wielding a +0 giant spiked club
              (9 damage)
             ... on level 8 of the Dungeon on Oct 28, 2022.
             The game lasted 00:42:18 (9097 turns).

avis the Cleaver (Hill Orc Monk)                    Turns: 9097, Time: 00:42:19

Health: -1/83      AC: 16    Str: 18    XL:     9   Next: 38%
Magic:  0/10       EV:  8    Int: 10    God:    Beogh [**....]
Gold:   358        SH:  0    Dex: 13    Spells: 8/10 levels left

rFire   . . .      SeeInvis .   a - +2 hand axe (vorpal)
rCold   . . .      Faith    .   (no shield)
rNeg    . . .      Spirit   +   v - +0 chain mail
rPois   .          Reflect  .   b - +1 helmet
rElec   .          Harm     .   h - +0 cloak
rCorr   .          Rampage  .   D - +0 pair of gloves
Will    .....                   (no boots)
Stlth   ..........              r - amulet of guardian spirit
HPRegen 0.23/turn               n - +4 ring of protection
MPRegen 0.12/turn               (no ring)

@: confused, mighty, lethally poisoned (-1 -> -3), ambrosia-drunk, studying
Dodging
A: no striking features
a: Renounce Religion, Smiting


You were on level 8 of the Dungeon.
You worshipped Beogh.
Beogh was pleased with you.
You visited 2 branches of the dungeon, and saw 9 of its levels.

You collected 475 gold pieces.
You spent 117 gold pieces at shops.

Inventory:

Hand Weapons
 a - a +2 vorpal hand axe (weapon)
 f - a +0 trident
 j - a +0 trident
 p - a +0 spear
 y - a +0 hand axe
 z - a +0 halberd
 B - a +2 dagger of venom
 C - a +2 vampiric short sword
 F - a +3 scimitar
 I - a +0 shortbow
 K - a +0 vorpal long sword
Missiles
 d - 9 poisoned darts (quivered)
 s - a throwing net
Armour
 b - a +1 helmet (worn)
 h - a +0 cloak (worn)
 v - a +0 chain mail (worn)
 A - a +0 chain mail
 D - a +0 pair of gloves (worn)
 L - a +0 chain mail
Magical Staves
 H - a staff of poison
Jewellery
 l - a ring of see invisible
 n - a +4 ring of protection (left hand)
 r - an amulet of guardian spirit (around neck)
 E - an amulet of the acrobat
Wands
 m - a wand of mindburst (5)
 J - a wand of flame (10)
 M - a wand of digging (7)
Scrolls
 c - 6 scrolls of teleportation
 i - 3 scrolls of magic mapping
 k - 2 scrolls of fog
 x - 3 scrolls of identify
Potions
 e - a potion of invisibility
 g - 2 potions of ambrosia
 q - a potion of flight
 u - a potion of resistance
 w - 2 potions of haste {unknown}
 G - a potion of lignification {unknown}
Miscellaneous
 t - a piece from Xom's chessboard (15/15)


   Skills:
 + Level 9.0 Fighting
 * Level 12.8 Axes
 - Level 2.0 Armour
 - Level 3.0 Dodging
 - Level 1.5 Stealth
 - Level 1.0 Spellcasting
 - Level 1.0 Translocations


You had 8 spell levels left.
You knew the following spells:

 Your Spells              Type           Power      Damage    Failure   Level
b - Blink                 Tloc           4%         N/A       99%         2

Your spell library contained the following spells:

 Spells                   Type           Power      Damage    Failure   Level
 Lesser Beckoning         Tloc           2%         N/A       100%        3
 Ozocubu's Armour         Ice            0%         N/A       100%        3
 Manifold Assault         Tloc           2%         N/A       100%        5
 Metabolic Englaciation   Hex/Ice        0%         N/A       100%        5
 Simulacrum               Ice/Necr       0%         N/A       100%        6
 Ozocubu's Refrigeration  Ice            0%         4d7       100%        7


Dungeon Overview and Level Annotations

Branches:
Dungeon (8/15)             Temple (1/1) D:4            Lair (0/5) D:8

Altars:
Ashenzari
Cheibriados
Dithmenos
Elyvilon
Fedhas
Gozag
Hepliaklqana
Kikubaaqudgha
Makhleb
Nemelex Xobeh
Okawaru
Qazlal
Ru
Sif Muna
Trog
Vehumet
Wu Jian
Xom
Yredelemnul
The Shining One

Shops:
D:2 =   D:3 ?   D:6 *


Message History

You feel yourself speed up.
You feel sick.
The water moccasin bites you but does no damage.
You hit the water moccasin.
The water moccasin is severely wounded.
You feel sick. The water moccasin bites you.
You are more poisoned.
The water moccasin poisons you!
You slash the water moccasin!
You kill the water moccasin!
Beogh accepts your kill.
You feel sick.
Your Fighting skill increases to level 9!
You hit the two-headed ogre.
The two-headed ogre is lightly wounded.
You feel sick.
The two-headed ogre hits you with a +0 giant spiked club!!
* * * LOW HITPOINT WARNING * * *
The two-headed ogre hits you with a +0 giant club!
* * * LOW HITPOINT WARNING * * *
You are confused.
You feel invigorated.
You feel very sick.
You slash the two-headed ogre!
The two-headed ogre is moderately wounded.
You feel sick. The two-headed ogre barely misses you.
The two-headed ogre hits you but does no damage.
You bump into the rock wall.
You feel sick.
You bump into the rock wall.
You feel sick.
The two-headed ogre hits you with a +0 giant spiked club!
* * * LOW HITPOINT WARNING * * *
The two-headed ogre hits you but does no damage.
You feel sick.
You feel sick.
Unknown command.
You feel sick.
The two-headed ogre hits you with a +0 giant spiked club!!
* * * LOW HITPOINT WARNING * * *
The two-headed ogre hits you with a +0 giant club!
You die...

######### ........########
#.@....... #O######## #.# #.
#####F###########. #####.
#...{.Y.Yz........
.....#####.##.oo##o.#.####
..........##...##..#
###..P...........#z#..≈≈≈≈≈
.#.....PPP.....#..=o#.≈.....


You could see a two-headed ogre, a bullfrog and an orc.

Vanquished Creatures
  A hornet (D:8)
  3 water moccasins
  An orc warrior (D:6)
  3 ice beasts
  2 sky beasts
  An ogre (D:5)
  A centaur (D:7)
  Blork the orc (D:4)
  A kobold brigand (D:7)
  A necrophage (D:6)
  3 scorpions
  3 wights (D:7)
  2 electric eels (D:7)
  A hound (D:6)
  2 jellies (D:6)
  2 orc priests
  3 iguanas
  2 orc wizards (D:6)
  6 adders
  A white imp (D:6)
  2 ufetubi (D:5)
  5 worms
  16 orcs
  9 ball pythons
  10 bats
  4 endoplasms
  3 giant cockroaches (D:1)
  4 goblins (D:1)
  5 hobgoblins
  4 jackals (D:1)
  4 quokkas
  5 frilled lizards
  17 kobolds
  6 rats
134 creatures vanquished.

Vanquished Creatures (others)
  A white imp (D:7)
  An orc (D:7)
  14 fungi (D:8)
  36 plants
52 creatures vanquished.

Grand Total: 186 creatures vanquished

Notes
Turn   | Place    | Note
-------+----------+-------------------------------------------
     0 | D:1      | avis the Hill Orc Monk began the quest for the Orb.
     0 | D:1      | Reached XP level 1. HP: 19/19 MP: 1/1
   158 | D:1      | Reached XP level 2. HP: 27/27 MP: 2/2
   284 | D:1      | Reached skill level 5 in Axes
   395 | D:1      | Reached XP level 3. HP: 32/33 MP: 3/3
   425 | D:1      | Learned a level 2 spell: Blink
  1497 | D:2      | Found a faded altar of an unknown god.
  1499 | D:2      | Found Tifrog's One-of-a-Kind Rings.
  1680 | D:2      | Reached XP level 4. HP: 29/41 MP: 4/4
  2304 | D:3      | Noticed a scorpion
  2304 | D:3      | Found Elusouse's Magic Scroll Emporium.
  2333 | D:3      | HP: 2/41 [scorpion (4)]
  2345 | D:3      | Killed a scorpion
  2346 | D:3      | Reached skill level 6 in Axes
  2346 | D:3      | Reached skill level 1 in Translocations
  2346 | D:3      | Reached XP level 5. HP: 39/47 MP: 5/5
  2350 | D:3      | Bought a scroll of identify for 26 gold pieces
  2350 | D:3      | Bought a scroll of teleportation for 39 gold pieces
  2350 | D:3      | Bought a scroll of amnesia for 52 gold pieces
  2981 | D:4      | Found a staircase to the Ecumenical Temple.
  2990 | Temple   | Entered the Ecumenical Temple
  2990 | Temple   | Found a transporter.
  2990 | Temple   | Found a transporter.
  2992 | Temple   | Found a transporter.
  2992 | Temple   | Found a transporter.
  3376 | D:4      | Found a snail-covered altar of Cheibriados.
  3379 | D:4      | Noticed Blork the orc
  3392 | D:4      | Killed Blork the orc
  3393 | D:4      | Reached skill level 5 in Fighting
  3514 | D:4      | Reached XP level 6. HP: 56/56 MP: 7/7
  3986 | D:5      | Entered Level 5 of the Dungeon
  3994 | D:5      | Reached skill level 7 in Axes
  4096 | D:4      | Reached skill level 1 in Spellcasting
  4141 | D:5      | Became a worshipper of Beogh the Brigand
  4141 | D:5      | Reached * piety under Beogh
  4141 | D:5      | Reached ** piety under Beogh
  4245 | D:5      | Noticed an ice beast
  4249 | D:5      | Killed an ice beast
  4298 | D:5      | Reached skill level 8 in Axes
  4298 | D:5      | Reached XP level 7. HP: 42/62 MP: 5/8
  4510 | D:4      | Reached skill level 1 in Armour
  5127 | D:5      | Reached skill level 9 in Axes
  5735 | D:6      | Found Tire's Assorted Antiques.
  5781 | D:6      | Reached XP level 8. HP: 57/71 MP: 5/9
  5800 | D:6      | Reached skill level 10 in Axes
  7017 | D:6      | Found a sparkling altar of Nemelex Xobeh.
  7023 | D:6      | Found a stormy altar of Qazlal.
  7026 | D:6      | Found a white marble altar of Elyvilon.
  7026 | D:6      | Found a basalt altar of Yredelemnul.
  7033 | D:6      | Found an ancient bone altar of Kikubaaqudgha.
  7354 | D:7      | Reached skill level 11 in Axes
  7519 | D:7      | Found a shadowy altar of Dithmenos.
  7708 | D:7      | Reached XP level 9. HP: 81/81 MP: 10/10
  7759 | D:7      | Reached skill level 12 in Axes
  7922 | D:7      | Reached *** piety under Beogh
  8791 | D:7      | Found a sacrificial altar of Ru.
  8886 | D:8      | Noticed a two-headed ogre
  9053 | D:8      | Noticed a hornet
  9053 | D:8      | Found a staircase to the Lair.
  9067 | D:8      | Found a shimmering blue altar of Sif Muna.
  9085 | D:8      | Killed a hornet
  9097 | D:8      | Slain by a two-headed ogre

Illustrated notes

Levels and vault maps discovered:
D:1:      amcnicky_arrival_underground_garden, layout_basic, skrybe_limestone_x
D:2:      layout_basic, ebering_ecumenical_altar_sacrificial,
          minmay_misc_feat_ornament, grunt_decor_mini_mirrors,
          hangedman_decor_growths, kennysheep_decorative_pillar,
          nicolae_shop_unique_rings, lexackson_kobold_supper
D:3:      layout_rooms, serial_shops, shop
D:4:      layout_loops_ring, kennysheep_mini, temple_fountains,
          minmay_door_square, nrook_mini_vaults, uniq_blork_the_orc
D:5:      layout_gridville, hellmonk_bongcloud_opening, nicolae_titane
D:6:      layout_cave_pods, nicolae_overflow_hallway_of_the_gods, serial_shops,
          nicolae_shop_crystal, kennysheep_nondescript
D:7:      layout_gridville, nicolae_ru_the_path_less_chosen,
          nicolae_dithmenos_the_darkroom, serial_bayou_lake_a
D:8:      layout_loops_ring, mainiacjoe_overflow_cross_hatched,
          mainiacjoe_overflow_paths, due_lair_maze_entry_diamond,
          chequers_serial_rivers_large_b, st_stairs_6
Temple:   hellmonk_temple_divided_pantheon

Skill      XL: |  1  2  3  4  5  6  7  8  9 |
---------------+----------------------------+-----
Fighting       | 4 5 6 8 9 |  9.0
Axes           | 5 6 8 9 11 12 | 12.8
Translocations | 1 |  1.0
Spellcasting   | 1 |  1.0
Armour         | 1 2 |  2.0
Dodging        | 3 |  3.0
Stealth        | |  1.5

Action                   |  1- 3 |  4- 6 |  7- 9 || total
-------------------------+-------+-------+-------++-------
Melee: Hand axe          |   138 |   145 |   313 ||   596
       Punch             |     2 |     5 |     1 ||     8
Invok: Convert to Beogh  |       |     1 |       ||     1
Evoke: Wand              |       |     4 |     4 ||     8
  Use: Potion            |       |     6 |     4 ||    10
       Scroll            |       |     2 |     3 ||     5
 Stab: Sleeping          |     7 |     1 |       ||     8
       Invisible         |       |       |     1 ||     1
Armor: Robe              |    36 |    19 |       ||    55
       Scale mail        |       |    22 |    29 ||    51
       Chain mail        |       |       |   108 ||   108
Dodge: Dodged            |    73 |    81 |   122 ||   276
